 Dungeon Crawl Stone Soup version 0.23.2-40-g277498a (webtiles) character file.

Game seed: 11205182352253990568

45 CrazyJ the Grave Robber (level 3, -19/20 HPs)
             Began as a Deep Elf Necromancer on Sept 9, 2019.
             Killed from afar by a goblin (21 damage)
             ... with an exploding inner flame
             ... hexed by the player character
             ... on level 2 of the Dungeon.
             The game lasted 00:19:50 (1822 turns).

CrazyJ the Grave Robber (Deep Elf Necromancer)      Turns: 1822, Time: 00:19:51

Health: -19/20     AC:  2    Str:  5    XL:     3   Next: 42%
Magic:  1/10       EV: 13    Int: 20    God:
Gold:   150        SH:  0    Dex: 15    Spells: 1/9 levels left

rFire    . . .     SeeInvis .   f - +0 whip
rCold    . . .     Gourm    .   (no shield)
rNeg     . . .     Faith    .   a - +0 robe
rPois    .         Spirit   .   (no helmet)
rElec    .         Reflect  .   (no cloak)
rCorr    .         Harm     .   (no gloves)
MR       .....                  (no boots)
Stlth    ++........             (no amulet)
HPRegen  0.06/turn              n - ring of wizardry
MPRegen  0.12/turn              (no ring)

@: no status effects
A: no striking features
a: no special abilities


You were on level 2 of the Dungeon.
You were not hungry.

You visited 1 branch of the dungeon, and saw 2 of its levels.

You collected 150 gold pieces.

Inventory:

Hand Weapons
 b - a +0 club
 f - a +0 whip (weapon)
Missiles
 d - 84 stones (quivered)
 g - 28 arrows
 m - 33 sling bullets
Armour
 a - a +0 robe (worn)
Jewellery
 n - a ring of wizardry (left hand)
Scrolls
 e - 3 scrolls of amnesia
 i - a scroll of identify
 k - a scroll of magic mapping
 l - a scroll of teleportation {unknown}
Comestibles
 c - 3 rations
 o - a chunk of flesh


   Skills:
 + Level 0.7 Fighting
 - Level 0.3 Maces & Flails
 + Level 2.8 Dodging
 - Level 2.9 Stealth
 * Level 3.7 Spellcasting
 + Level 0.0 Charms
 * Level 5.2 Necromancy


You had one spell level left.
You knew the following spells:

 Your Spells              Type           Power        Failure   Level  Hunger
a - Pain                  Necr           ###.         1%          1    None
b - Animate Skeleton      Necr           N/A          1%          1    None
c - Vampiric Draining     Necr           ###.......   1%          3    ###....
d - Regeneration          Chrm/Necr      ##........   6%          3    ###....

Your spell library contained the following spells:

 Spells                   Type           Power        Failure   Level  Hunger
 Animate Dead             Necr           N/A          6%          4    ####...


Dungeon Overview and Level Annotations

Branches:
Dungeon (2/15)

Altars:


Message History

e - 3 scrolls of amnesia The goblin hits you but does no damage.
The goblin shoots a stone.
The stone misses you.
The stone hits the goblin.
As you read the scroll labeled DURUTAR UTUWKA, it crumbles to dust.
You feel aware of your surroundings.
It was a scroll of magic mapping.
The goblin hits you but does no damage.
As you read the scroll labeled QUASSIH BISUNE, it crumbles to dust.
The creatures around you are filled with an inner flame!
It was a scroll of immolation.
The goblin shoots a stone.
The stone hits you.
* * * LOW HITPOINT WARNING * * *
The goblin barely misses you.
As you read the scroll labeled PEOMUGU MUHU, it crumbles to dust.
You hear a loud clanging noise!
It was a scroll of noise.
You hear a shout! x2
The goblin shoots a stone.
The stone misses you.
The stone hits the goblin.
The goblin explodes!
The fiery explosion engulfs you!!
Ouch! That really hurt!
You die...

#........#....########
.........#...........#
)......####'####g....#
#......####'####.....#
#......#≈≈≈g≈≈≈#.....#
#......#.≈≈≈≈≈≈#.....#
######.#..≈...≈#.....#
#.#.......#.....#
#.#..g..g.#@§...#
#.#...$...#§§...#
#....(g...§§#####
#############


You could see a goblin (inner flame).

Vanquished Creatures
  An ooze (D:2)
  2 worms (D:2)
  4 goblins
  7 hobgoblins
  6 kobolds
  A ball python (D:2)
  7 bats
  4 frilled lizards
  2 rats (D:1)
34 creatures vanquished.

Vanquished Creatures (collateral kills)
  A bat (D:2)
1 creature vanquished.

Grand Total: 35 creatures vanquished

Notes
Turn   | Place    | Note
-------+----------+-------------------------------------------
     0 | D:1      | CrazyJ the Deep Elf Necromancer began the quest for the
                  | Orb.
     0 | D:1      | Reached XP level 1. HP: 10/10 MP: 6/6
    57 | D:1      | Learned a level 1 spell: Animate Skeleton
   209 | D:1      | Reached skill level 5 in Necromancy
   458 | D:1      | Reached XP level 2. HP: 11/15 MP: 5/8
  1440 | D:2      | Reached XP level 3. HP: 15/20 MP: 6/10
  1445 | D:2      | Learned a level 3 spell: Vampiric Draining
  1692 | D:2      | Learned a level 3 spell: Regeneration
  1822 | D:2      | Killed from afar by a goblin

Skill      XL: |  1 |
---------------+----+-----
Necromancy     | 5 |  5.2
Fighting       | |  0.7
Maces & Flails | |  0.3
Dodging        | |  2.8
Stealth        | |  2.9
Spellcasting   | |  3.7

Action                   || total
-------------------------++-------
Melee: Whip              ||    16
       Unarmed           ||     3
 Cast: Pain              ||    46
       Animate Skeleton  ||     9
       Vampiric Draining ||     7
  Use: Scroll            ||     4
       Potion            ||     1
 Stab: Sleeping          ||     1
  Eat: Chunk             ||     3
Armor: Robe              ||    13
Dodge: Dodged            ||    42
